Unix NetHack Version 5.0.0-0 post-release - last build May 17 2026 04:57:42 (dc50c8380fa5e20985bfe3072449f57b8d9895ef,branch:main).

Game began 2026-05-18 08:52:03, ended 2026-05-18 09:20:55.

1212459919, chaotic female orcish Barbarian

              -----
             #.`?`|
             #|....#
             #|...|*#
             #|...|#
             #-----#     .
             ###   ###` f
               #   #  # @
               #   #  #[@#
     ----------#   #
     |=*.%))!.|#   #
     |)?[!/??.|#   #------
     |)!?%+*).-#   #.....|
     ----------     |....|
                    |....|
                    |<...|
                    ------

1212459919 the Pillager    St:18/02 Dx:16 Co:18 In:9 Wi:7 Ch:6  Chaotic
Dlvl:7  $:138 HP:0(48) Pw:10(10) AC:5  Xp:5 T:3395 

Latest messages:
 You miss the rock mole.
 You miss the rock mole.
 You kill the rock mole!
 You see here a rock.
 You see here 19 gold pieces.
 $ - 19 gold pieces (107 in total).
 What do you want to eat? [wB or ?*] w
 This food really hits the spot!
 You finish eating the food ration.
 With great effort you move the boulder.
 You try to move the boulder, but in vain.
 You try to move the boulder, but in vain.
 You try to move the boulder, but in vain.
 You try to move the boulder, but in vain.
 You try to move the boulder, but in vain.
 You try to move the boulder, but in vain.
 You try to move the boulder, but in vain.
 You try to move the boulder, but in vain.
 You try to move the boulder, but in vain.
 You try to move the boulder, but in vain.
 You try to move the boulder, but in vain.
 The hill orc hits!
 You kill the hill orc!
 The Woodland-elf hits!
 $ - 31 gold pieces (138 in total).
 C - a leather jacket.
 The kobold mummy hits!
 The Woodland-elf hits!
 You miss the kobold mummy.
 The Woodland-elf hits!
 You destroy the kobold mummy!
 The Woodland-elf hits!
 The Woodland-elf hits!
 You smite the Woodland-elf!
 The jaguar hits!
 The jaguar hits again!
 The jaguar bites!
 The Woodland-elf hits!
 The jaguar just misses!
 The jaguar hits!
 The jaguar misses!
 The Woodland-elf misses!
 You miss the jaguar.
 The jaguar hits!
 You die...
 Do you want your possessions identified? [ynq] (y) y
 Do you want to see your attributes? [ynq] (y) y
 Do you want an account of creatures vanquished? [ynaq] (y) y
 Do you want to see your conduct and achievements? [ynq] (y) y
 Do you want to see the dungeon overview? [ynq] (y) y

Inventory:
 Coins    ('$')
  $ - 138 gold pieces
 Amulets  ('"')
  i - an uncursed amulet versus poison
 Weapons  (')')
  j - a cursed -3 dagger
  z - a +0 elven dagger
  b - a +0 axe (alternate weapon; not wielded)
  s - a +0 scimitar
  a - a +0 two-handed sword (weapon in hands)
  l - a cursed -1 bardiche
 Armor    ('[')
  r - a blessed +1 orcish helm (being worn)
  t - an uncursed +0 orcish helm
  v - an uncursed +0 pair of leather gloves (being worn)
  A - an uncursed +0 dwarvish cloak
  C - a cursed -1 leather jacket
  c - an uncursed +0 orcish ring mail (being worn)
 Comestibles  ('%')
  B - an uncursed egg
 Spellbooks  ('+')
  p - an uncursed spellbook of knock
 Potions  ('!')
  u - an uncursed potion of sickness
  q - an uncursed potion of sleeping
 Rings    ('=')
  k - an uncursed +2 ring of gain constitution
 Tools    ('(')
  o - an uncursed lock pick
  y - an uncursed tallow candle

1212459919 the Barbarian's attributes:

Background:
 You were a Pillager, a level 5 female orcish Barbarian.
 You were chaotic, nominally on a mission for Set
 who was opposed by Mitra (lawful) and Crom (neutral).
 You were right-handed.
 You were in the Dungeons of Doom, on level 7.
 You entered the dungeon 3395 turns ago.
 There was a new moon in effect when your adventure ended.
 You had 267 experience points, 53 more were needed to attain level 6.

Basics:
 You had 0 out of 48 hit points.
 You had all 10 energy points (spell power).
 Your armor class was 5.
 Your wallet contained 138 zorkmids.
 Autopickup was off.

Final Characteristics:
 Your strength was 18/02 (limit:18/50).
 Your dexterity was 16 (limit:18).
 Your constitution was 18 (limit:18).
 Your intelligence was 9 (limit:16).
 Your wisdom was 7 (limit:16).
 Your charisma was 6 (limit:16).

Final Status:
 You weren't hungry.
 You were unencumbered.
 You were wielding a two-handed sword.
 You had basic skill with two-handed sword.

Final Attributes:
 You were piously aligned.
 You were poison resistant.
 You had infravision.
 You were warded.
 You are dead.

Miscellaneous:
 You didn't encounter any bones levels.
 Total elapsed playing time was 28 minutes and 46 seconds.

Major events:
 Turn
    1: 1212459919 the chaotic female orcish Barbarian entered the dungeon
  983: attained the rank of Pillager (level 3)
 3395: killed by a jaguar

You didn't know any spells.

Skills:
 Fighting Skills
   bare handed combat [Basic]
   two weapon combat  [Unskilled]
   riding             [Unskilled]
 Weapon Skills
   dagger             [Unskilled]
   axe                [Basic]
   pick-axe           [Unskilled]
   short sword        [Unskilled]
   broadsword         [Unskilled]
   long sword         [Unskilled]
   two-handed sword   [Basic]
   saber              [Unskilled]
   club               [Unskilled]
   mace               [Unskilled]
   morning star       [Unskilled]
   flail              [Unskilled]
   hammer             [Unskilled]
   quarterstaff       [Unskilled]
   spear              [Unskilled]
   trident            [Unskilled]
   bow                [Unskilled]
 Spellcasting Skills
   attack spells      [Unskilled]
   escape spells      [Unskilled]

Voluntary challenges:
 Character rerolling was not enabled.
 You were an atheist.
 You were illiterate.
 You never genocided any monsters.
 You never polymorphed an object.
 You never changed form.
 You used no wishes.
Achievements:
 You entered a shop.
 You attained the rank of Pillager.

 The Dungeons of Doom: levels 1 to 7
    Level 1:
    Level 2:
       A general store.
    Level 3:
    Level 4:
       An altar, a fountain.
    Level 5:
       A fountain.
    Level 6:
    Level 7: <- You were here.
       A general store.
       Final resting place for
          you, killed by a jaguar.


Vanquished creatures:
  2 rock moles
  a kobold mummy
  a paper golem
  2 giant ants
  2 floating eyes
  a kobold leader
  3 hill orcs
  2 rothes
 an orc zombie
  4 iguanas
  a coyote
  a hobbit
  a large kobold
  a hobgoblin
  2 giant rats
  2 gnomes
  5 geckos
  3 jackals
  a fox
  2 kobolds
  a goblin
  2 sewer rats
  5 grid bugs
  5 lichens
  2 kobold zombies
  5 newts
58 creatures vanquished.

No species were genocided or became extinct.

Game over:
                       ----------
                      /          \
                     /    REST    \
                    /      IN      \
                   /     PEACE      \
                  /                  \
                  |    1212459919    |
                  |      138 Au      |
                  |   killed by a    |
                  |      jaguar      |
                  |                  |
                  |                  |
                  |       2026       |
                 *|     *  *  *      | *
        _________)/\\_//(\/(/\)/\//\/|_)_______

Goodbye 1212459919 the Barbarian...

You died in The Dungeons of Doom on dungeon level 7 with 1493 points,
and 138 pieces of gold, after 3395 moves.
You were level 5 with a maximum of 48 hit points when you died.

